 Dungeon Crawl Stone Soup version 0.31.0-11-ge490571c62 (webtiles) character file.

Game seed: 11520764795851851124

8 browni3141 the Conjurer (level 2, 19/19 HPs)
             Began as a Demonspawn Conjurer on Jan 30, 2024.
             Got out of the dungeon alive.
             The game lasted 00:00:30 (781 turns).

browni3141 the Conjurer (Demonspawn Conjurer)        Turns: 781, Time: 00:00:31

Health: 19/19      AC:  2    Str:  7    XL:     2   Next: 0%
Magic:  5/5        EV: 12    Int: 18    God:
Gold:   77         SH:  0    Dex: 11    Spells: 4/5 levels left

rFire   . . .        (no weapon)
rCold   . . .        (no shield)
rNeg    . . .        a - +0 robe
rPois   .            (no helmet)
rElec   .            (no cloak)
rCorr   .            (no gloves)
SInv    .            (no boots)
Will    .....        (no amulet)
Stlth   ++           (no ring)
HPRegen 0.23/turn    (no ring)
MPRegen 0.09/turn

%: no passive effects
@: no status effects
A: spiny 1
a: no special abilities


You escaped.
You visited 1 branch of the dungeon, and saw 2 of its levels.

You collected 77 gold pieces.

Inventory:

Armour
 a - a +0 robe (worn)
Jewellery
 d - a ring of resist corrosion
Scrolls
 c - 2 scrolls of identify {unknown}
 f - a scroll of revelation {unknown}
 h - a scroll of noise {unknown}
Potions
 b - a potion of magic
 e - a potion of mutation {unknown}
 g - a potion of haste {unknown}


   Skills:
 + Level 2.0 Dodging
 + Level 2.0 Stealth
 + Level 2.1 Spellcasting
 + Level 4.1 Conjurations


You had 4 spell levels left.
You knew the following spells:

 Your Spells              Type           Power      Damage    Failure   Level
a - Magic Dart            Conj           64%        1d6       3%          1

Your spell library contained the following spells:

 Spells                   Type           Power      Damage    Failure   Level
 Searing Ray              Conj           32%        2d5       4%          2
 Fulminant Prism          Conj/Alch      4%         3d5       58%         4
 Iskenderun's Mystic Bla  Conj/Tloc      9%         2d4       58%         4


Dungeon Overview and Level Annotations

Branches:
Dungeon (2/15)

Altars:

Portals:
Abyss: D:1***


Innate Abilities, Weirdness & Mutations

You are partially covered in sharp spines.


Message History

The magic dart hits the frilled lizard.
You kill the frilled lizard!
You can't see any susceptible monsters within range! (Use Z to cast anyway.)
You can't see any susceptible monsters within range! (Use Z to cast anyway.)
A frilled lizard comes into view.
The frilled lizard hisses angrily.
A frilled lizard is nearby!
The magic dart hits the frilled lizard.
You kill the frilled lizard!
You can't see any susceptible monsters within range! (Use Z to cast anyway.)
f - a scroll labelled CAPNUYCLIQU You see here a +0 sling.
c - 2 scrolls labelled BOL HACOAJ (gained 1)
You see here a stone.
g - an amethyst potion You see here a +0 short sword.
You now have 61 gold pieces (gained 9).
You see here a +0 whip.
Done exploring.
You can't see any susceptible monsters within range! (Use Z to cast anyway.)
You can't see any susceptible monsters within range! (Use Z to cast anyway.) Done exploring.
Done exploring.
You see here a +1 chain mail of poison resistance.
There is a stone staircase leading down here.
You climb downwards.
Found 16 gold pieces.
Found a stone staircase leading up.
There is a stone staircase leading up here.
Found a stone staircase leading down.
You now have 77 gold pieces (gained 16).
h - a scroll labelled HUANYINW ZAODGH You open the door.
An orc comes into view. It is wielding a +0 short sword.
The orc shouts!
You hear an angry hiss.
You hear a shout!
The orc throws a boomerang.
The boomerang barely misses you.
An orc is nearby!
The magic dart hits the orc but does no damage.
The orc throws a boomerang.
The boomerang misses you.
A hobgoblin comes into view.
The magic dart hits the orc but does no damage.
The hobgoblin shouts!
The magic dart hits the orc.
The orc is heavily wounded.
A giant cockroach comes into view.
A ball python comes into view.
A hobgoblin comes into view.
You are out of magic!
You are out of magic!
The orc throws a boomerang.
The boomerang barely misses you.
The orc throws a boomerang.
The boomerang hits you.
The orc throws a boomerang.
The boomerang hits you.
There is a stone staircase leading up here.
You climb upwards.
There is a stone staircase leading down here.
You start resting.
Magic restored.
You climb downwards.
The ball python bites you but does no damage.
The ball python barely misses you. The ball python bites you.
The ball python grabs you. The ball python constricts you.
There is a stone staircase leading up here.
The magic dart hits the ball python.
You kill the ball python!
Your Dodging skill increases to level 2!
The orc throws a boomerang.
The boomerang hits you.
You climb upwards.
There is a stone staircase leading down here.
You start resting.
Magic restored.
You climb downwards.
The hobgoblin misses you.
The orc throws a boomerang.
The boomerang hits you.
There is a stone staircase leading up here.
The hobgoblin hits you but does no damage.
You climb upwards.
There is a stone staircase leading down here.
The magic dart hits the hobgoblin.
The hobgoblin is severely wounded.
The hobgoblin hits you.
The magic dart hits the hobgoblin.
You kill the hobgoblin!
Your Stealth skill increases to level 2!
You can't see any susceptible monsters within range! (Use Z to cast anyway.)
There is a stone staircase leading down here.
You start resting.
HP restored.
You climb downwards.
There is a stone staircase leading up here.
Magic restored.
A frilled lizard comes into view.
A frilled lizard is nearby!
The magic dart hits the frilled lizard.
You kill the frilled lizard!
You have reached level 2!
Your demonic ancestry asserts itself...
Sharp spines emerge from parts of your body.
There is a stone staircase leading up here.
You climb upwards.
There is a stone staircase leading down here.
Magic restored.
There is a staircase leading out of the dungeon here.
You have escaped!

####.#####.#.##.#.##.#.###.#.#
#....#####.....#####..#.#.#
#..###...#.....#%..##.#.#.#
#..###.∩.#.....#.∩.#....#.#
#..###...#.....#...##.###.#
#....#####.....#####..# #.#
#..>.................## #.#
#####...............## #.#
#.......@........## #.#
#.................# #.#
#...............#[###.#
######.....#####......#
##...#.....#...#..#####
##.∩.#.....#.∩.#..#
##...#.....#...#..#
######.....#####.##
##########.###.##.#####..#


There were no monsters in sight!

Vanquished Creatures
  2 hobgoblins (D:1)
  A quokka (D:1)
  2 ball pythons
  3 frilled lizards
  A rat (D:1)
9 creatures vanquished.

Notes
Turn   | Place    | Note
-------+----------+-------------------------------------------
     0 | D:1      | browni3141 the Demonspawn Conjurer began the quest for the
                  | Orb.
     0 | D:1      | Reached XP level 1. HP: 13/13 MP: 3/3
   728 | D:2      | Gained mutation: You are partially covered in sharp spines.
                  | [demonic ancestry]
   728 | D:2      | Reached XP level 2. HP: 19/19 MP: 3/5
   781 | D:$      | Got out of the dungeon alive.

Illustrated notes

Levels and vault maps discovered:
D:1:      minmay_arrival_glassed_features, layout_loops_ring
D:2:      layout_basic, uniq_crazy_yiuf_cottage

Skill      XL: |  1 |
---------------+----+-----
Dodging        | 2 |  2.0
Stealth        | 2 |  2.0
Spellcasting   | |  2.1
Conjurations   | |  4.1

Action                     || total
---------------------------++-------
   Cast: Magic Dart        ||    15
 Armour: Robe              ||     8
  Dodge: Dodged            ||     5
